woodfighter, chaotic female orcish Cavewoman ----------- ----- |.........| ----- |..<| |.........| |....##### ##....| |.........| ---------- |...| # # ---.- |.........| |>.......| #+....`######---------------- ### # |........-- |.........# #-.--- # #-..............| # # -.-------- |........|# ##### ###|.......%.....%| # # ############# |........|# ### #|..............| # ### # -.--.-----# ## #---------------- # # # ### # # # #### #### ######### # --+-+- # #### # # # # # # |....| ##### # # ###########`################ # |....| ########### # # # ------.-----.-# |.@..| ------.-----.-- # # # ### |............|#####.>...| |.............| #######` # # |............|# ------ |{............| #-|---# ##-.........*...# |.............| #.....# --------------# --------------- |.(.| I`######## ----- woodfighter the Cave Teen Experience level: 3 Strength: 18 Dexterity: 14 Constitution: 18 Intelligence: 9 Wisdom: 11 Charisma: 7 Health: 35(35) Energy: 10(10) Def: 2 Gold: 476 Moves: 1746 Dungeon seed: ZuN13R4wJTVaB2cr Game ID: woodfighter_1486679154 Your Inventory: Coins $ - 476 gold pieces Amulets v - an uncursed amulet of flying Weapons a - a +1 club (weapon in hand) b - a +2 sling (alternate weapon; not wielded) Armor q - an uncursed +0 leather armor (being worn) y - an uncursed +0 orcish helm Comestibles d - an uncursed mango f - 3 uncursed food rations g - an uncursed lichen corpse Scrolls h - an uncursed scroll of create monster i - a blessed scroll of confuse monster l - an uncursed scroll of magic mapping o - an uncursed scroll of identify s - an uncursed scroll of teleportation t - an uncursed scroll of scare monster w - an uncursed scroll of light Potions k - 2 uncursed potions of healing r - an uncursed potion of gain ability u - a potion of holy water Rings j - an uncursed ring of teleport control Wands m - a wand of light (0:13) Gems e - 11 uncursed flints (in quiver) n - 23 uncursed rocks Spells and supernatural/magical abilities: Name Level Category Fail Memory W - pray for help -- divine ? -- Your skills at the end: Miscellaneous Skills bare handed combat [Basic] Weapon Skills scimitar [Basic] club [Basic] sling [Basic] Spellcasting Skills Final Attributes: You were piously aligned. You were poison resistant. You had infravision. You were somewhat stealthy. You survived. Vanquished creatures: 5 geckos 3 jackals 6 newts a goblin 5 grid bugs 4 lichens 2 kobold zombies 26 creatures vanquished. Voluntary challenges: You did not adorn yourself with jewelry or accessories. You did not cause conflict. You were not invisible. You did not have reflection. You were not displaced. You were an atheist. You used a wielded weapon 26 times, starting on turn 43. You did not use tools. You did not use plumbed fixtures. You did not drink any magical draughts. You were illiterate. You never genocided any monsters. You never polymorphed an object. You never changed form. You used no wishes. You never split a pudding. You never wrote Elbereth's name. You never violated your personal moral code. Dungeon overview: The Dungeons of Doom: levels 1 to 4 Level 1 a long staircase Level 2 (locked box) some fountains, a sink Level 3 Level 4 <- You were here a fountain a long staircase History has recorded: On T:1 you entered the Dungeons of Doom to retrieve the Amulet of Yendor! On T:194 you reached level 2 of The Dungeons of Doom. On T:636 you reached level 3 of The Dungeons of Doom. On T:652 you reached level 4 of The Dungeons of Doom. On T:697 you advanced to experience level 2. On T:1145 you advanced to experience level 3. Score breakdown: Gold: 476 ( 47 points) Experience: 3 levels ( 200 points) Exploration: 4 levels ( 90 points) Discoveries: 13 items ( 650 points) Variety of kills: 7 monsters ( 350 points) Major goal: (nothing yet) ( 0 points) Survival: quit (score multiplied by 3) Total score: 4011 Latest messages: The door opens. You are beginning to feel hungry. You stop exploring. With great effort you move the boulder. You stop exploring. You kill the jackal! You see here a jackal corpse. You see here a food ration. You stop exploring. You kill the gecko! You are beginning to feel weak. You stop exploring. This lichen corpse tastes terrible! You don't feel so weak now. You finish eating the lichen corpse. You hear a monster behind the boulder. Perhaps that's why you cannot move it. You hear a monster behind the boulder. Perhaps that's why you cannot move it. You hear a monster behind the boulder. Perhaps that's why you cannot move it. $ - 27 gold pieces. Nowhere else around here can be automatically explored. Never mind. To quit the game, use the 'save' command (typically on 'S'). Final status: Goodbye woodfighter the Cavewoman, committed trickery... You were tricked in The Dungeons of Doom on dungeon level 4 with 4011 points, and 476 pieces of gold, after 1746 moves. You were level 3 with a maximum of 35 hit points when you were tricked.